 Dungeon Crawl Stone Soup version 0.26-a0-597-gb535b0901c (webtiles) character file.

Game seed: 7102691387928267734

38 Lanoc the Skirmisher (level 3, -6/19 HPs)
             Began as a Vine Stalker Fighter on Aug 25, 2020.
             Mangled by a gnoll
             ... wielding a +0 halberd
              (9 damage)
             ... on level 1 of the Dungeon.
             The game lasted 00:01:26 (1285 turns).

Lanoc the Skirmisher (Vine Stalker Fighter)         Turns: 1285, Time: 00:01:26

Health: -6/19      AC:  6    Str: 18    XL:     3   Next: 43%
Magic:  0/4        EV:  7    Int:  8    God:
Gold:   47         SH:  9    Dex: 14    Spells: 2/2 levels left

rFire    . . .     SeeInvis .   a - +0 war axe
rCold    . . .     Faith    .   c - +0 kite shield
rNeg     . . .     Spirit   +   b - +0 scale mail
rPois    .         Reflect  .   (no helmet)
rElec    .         Harm     .   (no cloak)
rCorr    .                      (no gloves)
MR       .....                  (no boots)
Stlth    ..........             (no amulet)
HPRegen  0.06/turn              (no ring)
MPRegen  0.09/turn              (no ring)

@: no status effects
A: fangs 2, magic shield, antimagic bite, no potion heal 3, rot immunity
a: no special abilities


You were on level 1 of the Dungeon.
You visited 1 branch of the dungeon, and saw 2 of its levels.

You collected 47 gold pieces.

Inventory:

Hand Weapons
 a - a +0 war axe (weapon)
Missiles
 i - 14 poisoned darts (quivered)
Armour
 b - a +0 scale mail (worn)
 c - a +0 kite shield (worn)
Scrolls
 e - 2 scrolls of enchant weapon {unknown}
 f - a scroll of teleportation {unknown}
 g - a scroll of fog {unknown}
Potions
 d - a potion of might
 h - a potion of heal wounds {unknown}


   Skills:
 + Level 2.9 Fighting
 * Level 2.4 Axes
 + Level 2.6 Armour
 + Level 0.6 Dodging
 + Level 2.9 Shields


You had 2 spell levels left.
You didn't know any spells.
Your spell library was empty.

Dungeon Overview and Level Annotations

Branches:
Dungeon (2/15)

Altars:


Innate Abilities, Weirdness & Mutations

You have extremely sharp teeth.
When hurt, damage is shared between your health and your magic reserves.
Your bite disrupts and absorbs the magic of your enemies.
Potions cannot restore your health.
You are immune to rotting.


Message History

There is a stone staircase leading up here.
You hit the gnoll. You bite the gnoll, but do no damage.
The gnoll is moderately wounded.
The gnoll hits you with a +0 halberd! The gnoll barely misses you.
The gnoll throws a throwing net.
The throwing net barely misses you. The gnoll hits you with a +0 halberd.
The gnoll hits you but does no damage.
You climb upwards.
There is a stone staircase leading down here.
Your scale mail prevents you from hitting the gnoll.
You bite the gnoll, but do no damage.
The gnoll is moderately wounded.
The gnoll hits you with a +0 halberd.
* * * LOW HITPOINT WARNING * * *
The gnoll hits you with a +0 halberd.
* * * LOW HITPOINT WARNING * * *
You hit the gnoll but do no damage. Your bite misses the gnoll.
The gnoll is moderately wounded.
The gnoll hits you with a +0 halberd!
You die...

#####.##.........## #.#
#........#######.# .#. #.#
#.###.#..# #.# #.. ..# #.#
#.#..#######.##... #.#
#........##...##.#
#.#####รท.###.#.....#.#
#.....>..# #.##)..##.#
########.###.###.###.#####
#.g@..............#
#####.........###.#
#####.##### #.#
##.#######.##
#........#.##
#..........##
#..#####.#### ########
#..#####....# #......#
#..##.......#


You could see a gnoll.

Vanquished Creatures
  2 adders (D:2)
  A worm (D:1)
  A giant cockroach (D:1)
  5 hobgoblins
  A kobold (D:2)
  3 bats (D:1)
  4 frilled lizards
  A rat (D:2)
18 creatures vanquished.

Notes
Turn   | Place    | Note
-------+----------+-------------------------------------------
     0 | D:1      | Lanoc the Vine Stalker Fighter began the quest for the Orb.
     0 | D:1      | Reached XP level 1. HP: 11/11 MP: 2/2
   312 | D:2      | Reached XP level 2. HP: 12/16 MP: 1/3
   478 | D:2      | Reached XP level 3. HP: 13/19 MP: 2/4
  1285 | D:1      | Mangled by a gnoll

Illustrated notes

Levels and vault maps discovered:
D:1:      dpeg_arrival_signposts, layout_loops_corners, minmay_misc_feat_encased
D:2:      layout_rooms, minmay_lizard_king, uniq_sigmund

Skill      XL: |  1 |
---------------+----+-----
Axes           | 2 |  2.4
Fighting       | |  2.9
Armour         | |  2.6
Dodging        | |  0.6
Shields        | |  2.9

Action                   || total
-------------------------++-------
Melee: War axe           ||    61
       Bite              ||    16
Throw: Dart              ||     8
Armor: Scale mail        ||    37
Dodge: Dodged            ||    21
Block: Kite shield       ||    43

Table legend: (Time is in decaauts)
 A = Elapsed time spent in this place.
 B = Non-inter-level travel time spent in this place.
 C = Inter-level travel time spent in this place.
 D = Time resting spent in this place.
 E = Time spent auto-exploring this place.
 F = Levels seen in this place.
 G = Mean time per level.
                   A        B        C        D        E       F      G
               +--------+--------+--------+--------+--------+-----+--------+
         Total |   1315 |   1237 |     78 |      0 |   1021 |   2 |  657.5 |
       Dungeon |   1315 |   1237 |     78 |      0 |   1021 |   2 |  657.5 |
               +--------+--------+--------+--------+--------+-----+--------+

Top non-repeatable levels by time:
     D:1: 1057 daAuts
     D:2: 258 daAuts
